 Dungeon Crawl Stone Soup version 0.19-a0-994-g3c636f0 (webtiles) character file.

1403 Leszczynek the Basher (level 8, -4/83 HPs)
             Began as an Ogre Conjurer on July 17, 2016.
             Was a Follower of Ru.
             Slain by an orc warrior
             ... wielding a +0 glaive
              (20 damage)
             ... on level 7 of the Dungeon.
             The game lasted 00:25:46 (4120 turns).

Leszczynek the Basher (Ogre Conjurer)               Turns: 4120, Time: 00:25:47

Health: -4/83      AC:  4    Str: 24    XL:     8   Next: 69%
Magic:  10/10      EV: 10    Int: 12    God:    Ru [*.....]
Gold:   323        SH:  0    Dex: 10    Spells: 2 memorised, 8 levels left

rFire  . . .     SeeInvis .     a - +0 giant club
rCold  x . .     Gourm    .     f - +0 robe
rNeg   . . .     Faith    .     (shield currently unavailable)
rPois  .         Spirit   .     (helmet restricted)
rElec  .         Dismiss  .     n - +0 cloak of the Elven Halls {rC- Regen+ Str+8}
rCorr  .         Reflect  .     (gloves unavailable)
SustAt .         Harm     .     (boots unavailable)
MR     +....                    (no amulet)
Stlth  ..........               v - ring of protection from magic
                                F - ring of flight

@: somewhat resistant to hostile enchantments, extremely unstealthy
A: unfitting armour, talons 1, blink, deformed body, dopey 1, low mp 1, shaggy
fur 1, tough skin 1, wild magic 1, no stealth
a: Blink, Renounce Religion, Evoke Flight


You were on level 7 of the Dungeon.
You worshipped Ru.
Ru was aware of your devotion.
You were hungry.

You visited 1 branch of the dungeon, and saw 8 of its levels.
You also visited: Ossuary.

You collected 323 gold pieces.

Inventory:

Hand Weapons
 a - a +0 giant club (weapon)
 b - a +0 hunting sling
 m - a +0 mace
 z - a +1 dagger of draining
Missiles
 g - a tomahawk (quivered)
 j - 72 sling bullets
Armour
 f - a +0 robe (worn)
 n - the +0 cloak of the Elven Halls (worn) {rC- Regen+ Str+8}
   (You found it on level 8 of the Dungeon)

   It affects your strength (+8).
   It makes you vulnerable to cold.
   It increases your rate of regeneration.
 I - a +0 cloak
Jewellery
 v - a ring of protection from magic (right hand)
 F - a ring of flight (left hand)
Wands
 e - a wand of iceblast (1/15)
 E - a wand of slowing (22/48)
 G - a wand of lightning (8/15)
Scrolls
 h - 2 scrolls of noise {unknown}
 k - a scroll of recharging {unknown}
 o - a scroll of amnesia {unknown}
 p - a scroll of identify
 q - a scroll of fear {unknown}
 r - a scroll of fog {unknown}
 t - a scroll of magic mapping
 w - a scroll of enchant armour {unknown}
 x - a scroll of enchant weapon
 y - a scroll of blinking {unknown}
 D - a scroll of teleportation
Potions
 i - 3 potions of might
 A - a potion of invisibility
 C - a potion of berserk rage {unknown}
Books
 s - a book of Conjurations

   Spells                             Type                      Level
   a - Magic Dart                     Conjuration                  1
   b - Searing Ray                    Conjuration                  2
   c - Dazzling Spray                 Conjuration/Hexes            3
   d - Fulminant Prism                Conjuration/Hexes            4
   e - Iskenderun's Mystic Blast      Conjuration                  4
   f - Iskenderun's Battlesphere      Conjuration/Charms           5
 B - a book of Alchemy

   Spells                             Type                      Level
   a - Sublimation of Blood           Necromancy                   2
   b - Ignite Poison                  Fire/Transmutation/Poison    3
   c - Petrify                        Transmutation/Earth          4
   d - Alistair's Intoxication        Transmutation/Poison         5
   e - Irradiate                      Conjuration/Transmutation    5
Comestibles
 c - a bread ration
 d - a beef jerky
 l - 5 meat rations
 u - a slice of pizza


   Skills:
 - Level 5.8 Fighting
 * Level 11.8 Maces & Flails
 - Level 1.7 Dodging
 - Level 2.4 Spellcasting
 - Level 2.9 Conjurations


You had 8 spell levels left.
You knew the following spells:

 Your Spells              Type           Power        Failure   Level  Hunger
a - Magic Dart            Conj           ##..         14%         1    ##.....
b - Searing Ray           Conj           ##....       17%         2    ###....


Dungeon Overview and Level Annotations

Branches:
Dungeon (8/15)
 Temple: D:4-7         Lair: D:8-11

Altars:
Dithmenos
Kikubaaqudgha
Nemelex Xobeh
Ru
Uskayaw
Xom

Shops:
D:4 [   D:6 =


Innate Abilities, Weirdness & Mutations

You are too large for most types of armour.
Your magical capacity is low. (-10% MP)
You have tough skin. (AC +1)
You cannot be stealthy.
You have sharp toenails.
You can translocate small distances at will.
Armour fits poorly on your strangely shaped body.
You are dopey. (Int -2)
You are covered in fur. (AC +1)
Your spells are a little harder to cast, but a little more powerful.


Message History

The orc warrior hits you with a glaive!!
You hit the orc warrior. Your kick misses the orc warrior.
The orc warrior is lightly wounded.
You sock the orc warrior!
The orc warrior is severely wounded.
The orc warrior hits you with a glaive!!
An orc comes into view. It is wielding a trident.
You closely miss the orc warrior. Your kick misses the orc warrior.
The orc warrior is severely wounded.
You closely miss the orc warrior. Your kick misses the orc warrior.
The orc warrior is severely wounded.
The orc warrior hits you with a glaive!!
* * * LOW HITPOINT WARNING * * *
You are too injured to fight recklessly!
You hit the orc warrior but do no damage.
The orc warrior is severely wounded.
You hit the orc warrior.
The orc warrior is almost dead.
The orc warrior hits you with a glaive!!
You die...

#### .# ...# #.# ##.# #.#
##.#########.# #####
...........#.# #...# #########
#.########.#.# #...# #........
...y.......#.#####oo.####........
................@oHo....)...>....
#.######.....#####o..###.........
#.#### #.....#####...# #.........
.....###.............# #o........
............#####.#### #o........
.....#####..## ....... #.########
.....# #...##...>... #.# .....#
#.#.##....... #H# .....#
#.#..#...y... #.#


You could see a hippogriff, an orc warrior and 4 orcs.

Vanquished Creatures
  A hungry ghost (D:8)
  An ice beast (D:8)
  A sky beast (D:7)
  An ogre (D:6)
  A black bear (D:8)
  A necrophage (D:7)
  2 centaurs (D:5)
  2 giant frogs
  A scorpion (D:4)
  An electric eel (D:7)
  2 crimson imps
  A quasit (D:7)
  2 hounds
  A centaur zombie (D:7)
  An orc priest (D:8)
  An orc wizard (D:4)
  A centaur skeleton (D:8)
  An iguana (D:4)
  2 worker ants (D:4)
  A hound zombie (D:6)
  3 adders
  2 oozes
  2 worms
  3 giant geckos
  8 orcs
  3 bats
  2 giant cockroaches
  6 goblins
  4 hobgoblins
  3 jackals (D:1)
  4 quokkas
  A ball python (D:3)
  A giant cockroach zombie (D:5)
  A giant gecko skeleton (D:4)
  6 giant newts
  A jackal skeleton (D:7)
  3 kobolds
  2 quokka skeletons
  2 rats
82 creatures vanquished.

Vanquished Creatures (others)
  A human (D:5)
1 creature vanquished.

Grand Total: 83 creatures vanquished

Notes
Turn   | Place    | Note
-------+----------+-------------------------------------------
     0 | D:1      | Leszczynek the Ogre Conjurer began the quest for the Orb.
     0 | D:1      | Reached XP level 1. HP: 16/16 MP: 3/3
   126 | D:1      | Reached skill level 1 in Fighting
   232 | D:1      | Reached skill level 2 in Fighting
   232 | D:1      | Reached XP level 2. HP: 22/28 MP: 0/5
   236 | D:1      | Learned a level 2 spell: Searing Ray
   573 | D:2      | Reached skill level 1 in Maces & Flails
   742 | D:2      | Reached XP level 3. HP: 32/36 MP: 6/6
   871 | D:2      | Reached skill level 2 in Maces & Flails
   875 | D:2      | Found a faded altar of an unknown god.
  1007 | D:2      | Became a worshipper of Ru the Awakened
  1031 | D:2      | Gained mutation: Your magical capacity is low. (-10% MP) [Ru sacrifice]
  1112 | D:3      | Reached skill level 3 in Fighting
  1131 | D:3      | Found a sacrificial altar of Ru.
  1257 | D:3      | Reached skill level 3 in Maces & Flails
  1257 | D:3      | Reached XP level 4. HP: 43/45 MP: 0/6
  1466 | D:4      | Found Hajifurr's Antique Armour Shop.
  1536 | D:4      | Reached skill level 4 in Maces & Flails
  1701 | D:4      | Reached XP level 5. HP: 45/54 MP: 0/7
  1742 | D:4      | HP: 1/54 [iguana (14)]
  1880 | D:4      | Found a sand-covered staircase.
  1899 | D:4      | Reached skill level 4 in Fighting
  1899 | D:4      | Reached skill level 5 in Maces & Flails
  1902 | Ossuary  | Entered an ossuary
  1930 | D:4      | HP: 5/54 [poisoned by a worker ant]
  2317 | D:4      | Reached XP level 6. HP: 38/63 MP: 3/8
  2334 | D:4      | Gained mutation: You can translocate small distances at will. [potion of mutation]
  2334 | D:4      | Gained mutation: Your spells are a little harder to cast, but a little more powerful. [potion of mutation]
  2334 | D:4      | Gained mutation: Armour fits poorly on your strangely shaped body. [potion of mutation]
  2343 | D:4      | Gained mutation: You are covered in fur. (AC +1) [potion of beneficial mutation]
  2530 | D:5      | Entered Level 5 of the Dungeon
  2546 | D:5      | Reached skill level 5 in Fighting
  2546 | D:5      | Reached skill level 6 in Maces & Flails
  2771 | D:5      | Reached skill level 7 in Maces & Flails
  2771 | D:5      | Reached XP level 7. HP: 21/72 MP: 9/9
  2894 | D:5      | Found an ancient bone altar of Kikubaaqudgha.
  2896 | D:5      | Noticed a human
  2897 | D:5      | Killed a human
  2943 | D:6      | Found Nuf Rank's Jewellery Shop.
  3024 | D:6      | Gained mutation: You cannot be stealthy. [Ru sacrifice]
  3024 | D:6      | Reduced skill Stealth to level 0
  3024 | D:6      | Reached * piety under Ru
  3079 | D:6      | Reached skill level 8 in Maces & Flails
  3093 | D:6      | Found a hide-covered altar of Uskayaw.
  3093 | D:6      | Noticed a hand axe
  3094 | D:6      | Noticed a hand axe
  3184 | D:7      | Found a shadowy altar of Dithmenos.
  3189 | D:7      | Found a sparkling altar of Nemelex Xobeh.
  3189 | D:7      | Found a shimmering altar of Xom.
  3322 | D:7      | HP: 2/74 [killer bee (9)]
  3332 | D:7      | HP: 3/74 [centaur zombie (6)]
  3338 | D:7      | Reached skill level 9 in Maces & Flails
  3447 | D:8      | Got a jewelled cloak
  3479 | D:8      | Identified the cursed +0 cloak of the Elven Halls {rC- Regen+ Str+8} (You found it on level 8 of the Dungeon)
  3517 | D:7      | Reached XP level 8. HP: 57/83 MP: 10/10
  3743 | D:7      | Reached skill level 10 in Maces & Flails
  3750 | D:7      | Gained mutation: You are dopey. (Int -2) [mutagenic meat]
  3753 | D:7      | Gained mutation: You have sharp toenails. [mutagenic meat]
  3759 | D:7      | Gained mutation: You are clumsy. (Dex -2) [mutagenic meat]
  3762 | D:7      | Lost mutation: You are clumsy. (Dex -2) [mutagenic meat]
  4009 | D:8      | Reached skill level 11 in Maces & Flails
  4011 | D:8      | Noticed a two-headed ogre
  4120 | D:7      | Slain by an orc warrior

Vault maps used:
D:1:      wheals_arrival_linesprint, fountainhead, minmay_misc_feat_tiny
D:2:      first_bread, ecumenical_altar_2
D:3:      nicolae_ru_sacrificial_ziggurat, kennysheep_crisscross
D:4:      serial_shops, shop, nicolae_ossuary_entry_monument, amethyst_killhole
D:5:      tgw_kikubaaqudgha
D:6:      lemuel_round_altar, dancing_weapons_uskayaw, serial_shops, shop,
          okawaru_altar_gauntlet_db, uniq_duvessa
D:7:      grunt_temple_overflow_open, grunt_ogre_cave, kennysheep_minor_cross,
          uniq_crazy_yiuf_cottage
D:8:      abandoned_shop, uniq_pikel
Ossuary:  ossuary_due_pyramid

Skill      XL: |  1  2  3  4  5  6  7  8 |
---------------+-------------------------+-----
Fighting       | 2 3 4 5 |  5.8
Maces & Flails | 1 3 4 5 7 9 11 | 11.8
Stealth        | 0 |  0.0
Dodging        | |  1.7
Spellcasting   | |  2.4
Conjurations   | |  2.9

Action                   |  1- 3 |  4- 6 |  7- 9 || total
-------------------------+-------+-------+-------++-------
Melee: Unarmed           |    15 |       |       ||    15
       Dagger            |     5 |    12 |       ||    17
       Trident           |    24 |     8 |       ||    32
       Mace              |       |   130 |       ||   130
       Giant club        |       |       |    97 ||    97
       Kick              |       |       |     2 ||     2
 Fire: Hunting sling     |       |       |     3 ||     3
 Cast: Magic Dart        |    47 |    46 |    10 ||   103
       Searing Ray       |     1 |     4 |     1 ||     6
Invok: Sacrifice Essence |     1 |       |       ||     1
       Sacrifice Stealth |       |       |     1 ||     1
Evoke: Wand              |       |       |     4 ||     4
  Use: Potion            |       |     3 |     3 ||     6
       Scroll            |       |     7 |     5 ||    12
 Stab: Sleeping          |     2 |       |       ||     2
       Distracted        |       |       |     1 ||     1
  Eat: Chunk             |     2 |     2 |     6 ||    10
       Pizza             |       |     1 |       ||     1
       Bread ration      |       |     1 |     1 ||     2
Armor: Robe              |    20 |    36 |    21 ||    77
Dodge: Dodged            |    37 |    95 |    59 ||   191
